Map: Lost and Found LE

Players

DnS - Winner!

  • Race: Protoss Protoss
  • Spawn Location: 7:00

Probe

  • Race: Protoss Protoss
  • Spawn Location: 1:00

Event: WCS Montreal 2018

VOD

Have the link to the VOD?

Description

Time

  • Played on: Sept. 7, 2018, 6:34 p.m.
  • Length: 5:16

All games in this series

Show
View Real Time Build Order
Export as new Build Order

DnS Protoss - Winner!

Build Orders: Proxy Void Ray 

Get SALT Encoding   

  12  0:01  Probe  
  13  0:13  Probe  
  14  0:17  Pylon  
  14  0:24  Probe  
  15  0:32  Probe  
  15  0:38  Gateway  
  15  0:40  Probe  
  16  0:46  Assimilator  
  17  0:51  Probe  
  17  0:54  Assimilator  
  18  1:04  Forge  
  18  1:06  Probe  
  19  1:18  Pylon, Probe  
  20  1:30  Probe  
  21  1:39  Photon Cannon  
  21  1:42  Photon Cannon  
  21  1:51  Cybernetics Core  
  21  1:58  Probe  
  22  2:03  Pylon  
  22  2:12  Pylon  
  22  2:14  Probe  
  23  2:27  Stargate  
  23  2:31  Warp Gate  
  23  2:38  Gateway  
  23  2:49  Shield Battery  
  23  2:57  Void Ray  
  27  3:22  Gateway  
  27  3:25  Stalker  
  27  3:26  Void Ray  
  29  3:41  Shield Battery  
  33  3:56  Shield Battery  
  33  4:09  Void Ray  
  36  4:30  Gateway  
  36  4:36  Stalker  
  38  4:42  Pylon  
  38  5:01  Stalker x2  
Show
View Real Time Build Order
Export as new Build Order

Probe Protoss 

Build Orders:  

Get SALT Encoding   

  12  0:00  Probe  
  13  0:13  Probe  
  14  0:18  Pylon  
  14  0:25  Probe  
  15  0:33  Probe  
  15  0:38  Forge  
  15  0:41  Probe  
  17  0:51  Probe  
  18  0:58  Pylon  
  18  1:08  Pylon  
  18  1:09  Pylon  
  18  1:18  Photon Cannon x2  
  18  1:25  Probe  
  18  1:26  Gateway  
  19  1:33  Probe  
  19  1:39  Assimilator  
  20  1:43  Probe  
  21  1:56  Probe  
  21  1:57  Assimilator  
  22  2:08  Probe  
  23  2:14  Cybernetics Core  
  23  2:20  Probe  
  24  2:32  Probe  
  25  2:37  Pylon  
  25  2:42  Pylon, Stalker  
  25  2:50  Stargate  
  27  3:00  Shield Battery  
  27  3:02  Shield Battery  
  27  3:05  Shield Battery  
  27  3:11  Stalker  
  29  3:23  Void Ray, Pylon  
  33  3:41  Shield Battery  
  33  3:44  Shield Battery  
  24  4:13  Void Ray  
  28  4:18  Probe  
  29  4:24  Photon Cannon  
  29  4:30  Probe  
  30  4:39  Pylon  
  30  4:42  Probe  
  31  4:54  Probe  
Tags
 
Add a new tag
Caveats
  • Supply blocks, unpowered buildings, or Contaminate may cause inaccurate times.
  • Supply counts are checked every 10 seconds.